 Dungeon Crawl Stone Soup version 0.30-a0-777-ga9a30cbeda (webtiles) character file.

Game seed: 10821714985647617853

75 sircluck the Poker (level 4, -4/32 (38) HPs)
             Began as a Gnoll Reaver on Feb 14, 2023.
             Killed from afar by an orc wizard (5 damage)
             ... with a puff of flame
             ... on level 3 of the Dungeon.
             The game lasted 00:02:41 (1028 turns).

sircluck the Poker (Gnoll Reaver)                   Turns: 1028, Time: 00:02:41

HP:   -4/32 (38)    AC:  3    Str: 12    XL:     4   Next: 31%
MP:   11/11         EV: 12    Int: 14    God:
Gold: 76            SH:  0    Dex: 10    Spells: 12/13 levels left

rFire   . . .      SeeInvis .    i - +3 short sword
rCold   . . .      Faith    .    (no shield)
rNeg    . . .      Spirit   .    b - +0 leather armour
rPois   .          Reflect  .    (no helmet)
rElec   .          Harm     .    (no cloak)
rCorr   .          Rampage  .    (no gloves)
Will    .....                    (no boots)
Stlth   +                        (no amulet)
HPRegen 0.25/turn                (no ring)
MPRegen 0.12/turn                (no ring)

@: confused, heavily drained
A: fangs 1, strong nose, distributed training
a: no special abilities


You were on level 3 of the Dungeon.
You visited 1 branch of the dungeon, and saw 3 of its levels.

You collected 76 gold pieces.

Inventory:

Hand Weapons
 a - a +0 spear
 h - a +3 flail
 i - a +3 short sword (weapon)
Missiles
 f - 33 stones
Armour
 b - a +0 leather armour (worn)
Scrolls
 d - 2 scrolls of poison {unknown}
 g - 5 scrolls of identify {unknown}
 k - 3 scrolls of blinking {unknown}
Potions
 c - a potion of cancellation
 e - a potion of attraction
 j - a potion of mutation {unknown}
 l - a potion of lignification {unknown}


   Skills:
 + Level 4.6 Fighting
 + Level 1.1 Short Blades
 + Level 1.1 Long Blades
 + Level 1.1 Axes
 + Level 1.1 Maces & Flails
 + Level 6.6 Polearms
 + Level 1.1 Staves
 + Level 1.1 Ranged Weapons
 + Level 1.1 Throwing
 + Level 1.1 Armour
 + Level 4.6 Dodging
 + Level 1.1 Stealth
 + Level 1.1 Shields
 + Level 1.1 Unarmed Combat
 + Level 5.1 Spellcasting
 + Level 5.4 Conjurations
 + Level 0.9 Hexes
 + Level 0.9 Summonings
 + Level 0.9 Necromancy
 + Level 0.9 Translocations
 + Level 0.9 Transmutations
 + Level 0.9 Fire Magic
 + Level 0.9 Ice Magic
 + Level 0.9 Air Magic
 + Level 0.9 Earth Magic
 + Level 0.9 Poison Magic
 + Level 1.2 Invocations
 + Level 1.1 Evocations


You had 12 spell levels left.
You knew the following spells:

 Your Spells              Type           Power      Damage    Failure   Level
a - Kiss of Death         Conj/Necr      48%        2d9       6%          1

Your spell library contained the following spells:

 Spells                   Type           Power      Damage    Failure   Level
 Momentum Strike          Conj/Tloc      24%        3d8       9%          2
 Hailstorm                Conj/Ice       12%        3d5       19%         3


Dungeon Overview and Level Annotations

Branches:
Dungeon (3/15)

Altars:
Elyvilon


Innate Abilities, Weirdness & Mutations

You have very sharp teeth.
Your uncanny sense of smell can sniff out nearby items.
Your experience applies equally to all skills.


Message History

You barely miss the orc wizard. The quokka closely misses you.
The rat bites you but does no damage. The orc hits you with a +0 club.
The orc wizard closely misses you. The orc barely misses you.
The orc hits you but does no damage.
You closely miss the quokka. The quokka closely misses you.
The orc wizard casts a spell.
The orc wizard flickers and vanishes!
Deactivating autopickup; reactivate with Ctrl-A.
The orc hits you but does no damage. The rat barely misses you.
The orc hits you with a +0 short sword. The orc hits you with a +0 falchion.
The quokka bites you.
You completely miss something.
You feel less confused. The rat bites you but does no damage.
You hear some strange, mumbled words.
You are confused.
The orc hits you with a +0 short sword. The orc hits you with a +0 falchion.
* * * LOW HITPOINT WARNING * * *
The orc hits you with a +0 club.
* * * LOW HITPOINT WARNING * * *
The quokka bites you but does no damage.
You bump into the rock wall.
The rat bites you but does no damage. The orc misses you.
Something hits you but does no damage. The orc closely misses you.
The orc barely misses you. The quokka barely misses you.
You hit the orc. Your bite misses the orc.
The orc is heavily wounded.
Something hits you but does no damage. The orc hits you with a +0 club.
* * * LOW HITPOINT WARNING * * *
The orc barely misses you. The rat barely misses you.
The orc closely misses you. The quokka misses you.
You hit the orc.
The orc is almost dead.
The quokka bites you.
* * * LOW HITPOINT WARNING * * *
The rat barely misses you.
You hear some strange, mumbled words.
A puff of flame appears from out of thin air!
The puff of flame hits you.
You die...

...............
...............
.............#
.............#
...>.........#
.............#
......o{r...# . #o@r..# ...
#..###o### ..# #.....####
..# ####.....# #.# ####..#
##.#.# #..# ...#.# ##.####
.###.###############..>.###
.....#....................#


You could see 3 orcs, a quokka and a rat.

Vanquished Creatures
  An orc priest (D:3)
  An adder (D:3)
  A dart slug (D:3)
  8 orcs (D:3)
  A ball python (D:3)
  A bat (D:1)
  An endoplasm (D:1)
  3 goblins (D:1)
  2 hobgoblins (D:1)
  3 kobolds
  2 quokkas
  A frilled lizard (D:1)
  A rat (D:1)
26 creatures vanquished.

Vanquished Creatures (others)
  38 plants (D:3)
38 creatures vanquished.

Grand Total: 64 creatures vanquished

Notes
Turn   | Place    | Note
-------+----------+-------------------------------------------
     0 | D:1      | sircluck the Gnoll Reaver began the quest for the Orb.
     0 | D:1      | Reached XP level 1. HP: 20/20 MP: 6/6
   182 | D:1      | Reached XP level 2. HP: 19/26 MP: 7/7
   456 | D:2      | Found a white marble altar of Elyvilon.
   708 | D:3      | Reached skill level 5 in Spellcasting
   708 | D:3      | Reached XP level 3. HP: 26/31 MP: 7/9
   760 | D:3      | Reached skill level 1 in Invocations
   769 | D:3      | HP: 1/31 [orc/+3 flail (2)]
   775 | D:3      | Reached skill level 1 in Short Blades
   775 | D:3      | Reached skill level 1 in Long Blades
   775 | D:3      | Reached skill level 1 in Axes
   775 | D:3      | Reached skill level 1 in Maces & Flails
   775 | D:3      | Reached skill level 1 in Staves
   775 | D:3      | Reached skill level 1 in Ranged Weapons
   775 | D:3      | Reached skill level 1 in Throwing
   775 | D:3      | Reached skill level 1 in Armour
   775 | D:3      | Reached skill level 1 in Stealth
   775 | D:3      | Reached skill level 1 in Shields
   775 | D:3      | Reached skill level 1 in Unarmed Combat
   775 | D:3      | Reached skill level 1 in Evocations
   775 | D:3      | Reached XP level 4. HP: 16/37 MP: 9/11
  1028 | D:3      | HP: 1/32 [quokka (4)]
  1028 | D:3      | Killed from afar by an orc wizard

Illustrated notes

Levels and vault maps discovered:
D:1:      dpeg_arrival_morbid_curiosity, layout_basic,
          hellmonk_ecumenical_altar_blasted
D:2:      layout_loops_cross, basic_altar
D:3:      layout_rooms, kennysheep_boxes, uniq_grinder

Skill      XL: |  1  2  3 |
---------------+----------+-----
Spellcasting   | 5 |  5.1
Invocations    | 1 |  1.2
Short Blades   | 1 |  1.1
Long Blades    | 1 |  1.1
Axes           | 1 |  1.1
Maces & Flails | 1 |  1.1
Staves         | 1 |  1.1
Ranged Weapons | 1 |  1.1
Throwing       | 1 |  1.1
Armour         | 1 |  1.1
Stealth        | 1 |  1.1
Shields        | 1 |  1.1
Unarmed Combat | 1 |  1.1
Evocations     | 1 |  1.1
Fighting       | |  4.6
Polearms       | |  6.6
Dodging        | |  4.6
Conjurations   | |  5.4
Hexes          | |  0.9
Summonings     | |  0.9
Necromancy     | |  0.9
Translocations | |  0.9
Transmutations | |  0.9
Fire Magic     | |  0.9
Ice Magic      | |  0.9
Air Magic      | |  0.9
Earth Magic    | |  0.9
Poison Magic   | |  0.9

Action                     |  1- 3 |  4- 6 || total
---------------------------+-------+-------++-------
  Melee: Spear             |    67 |     7 ||    74
         Bite              |     7 |     1 ||     8
         Punch             |     2 |       ||     2
         Short sword       |       |    14 ||    14
   Cast: Kiss of Death     |     1 |     1 ||     2
    Use: Potion            |     4 |       ||     4
 Armour: Leather armour    |    10 |    14 ||    24
  Dodge: Dodged            |    33 |    35 ||    68

Table legend: (Time is in decaauts)
 A = Elapsed time spent in this place.
 B = Non-inter-level travel time spent in this place.
 C = Inter-level travel time spent in this place.
 D = Time resting spent in this place.
 E = Time spent auto-exploring this place.
 F = Levels seen in this place.
 G = Mean time per level.
                   A        B        C        D        E       F      G
               +--------+--------+--------+--------+--------+-----+--------+
         Total |   1010 |    907 |    103 |      0 |    679 |   3 |  336.7 |
       Dungeon |   1010 |    907 |    103 |      0 |    679 |   3 |  336.7 |
               +--------+--------+--------+--------+--------+-----+--------+

Top non-repeatable levels by time:
     D:1: 448 daAuts
     D:3: 415 daAuts
     D:2: 145 daAuts
